 Dungeon Crawl Stone Soup version 0.21-a0-264-g3e31e41 (webtiles) character file.

2640 namelastname112 the Gouger (level 9, -11/40 HPs)
             Began as a Felid Wanderer on Sept 9, 2017.
             Was a Follower of Wu Jian.
             Mangled by a two-headed ogre
             ... wielding a cursed -3 giant spiked club
              (22 damage)
             ... on level 8 of the Dungeon.
             The game lasted 00:13:03 (8863 turns).

namelastname112 the Gouger (Felid Wanderer)         Turns: 8863, Time: 00:13:04

Health: -11/40     AC:  2    Str:  7    XL:     9   Next: 35%
Magic:  15/18      EV: 23    Int: 13    God:    Wu Jian [*.....]
Gold:   374        SH:  0    Dex: 20    Spells: 14/18 levels left
                                        Lives:  0   Deaths: 2

rFire    . . .     SeeInvis +     - Unarmed
rCold    . . .     Gourm    .   (shield unavailable)
rNeg     . . .     Faith    .   (armour unavailable)
rPois    +         Spirit   .   (helmet unavailable)
rElec    .         Reflect  .   (cloak unavailable)
rCorr    .         Harm     .   (gloves unavailable)
MR       +....                  (boots unavailable)
Stlth    +++++.....             (no amulet)
HPRegen  0.13/turn              y - ring of stealth
MPRegen  0.16/turn              z - ring of poison resistance

@: lethally poisoned (-11 -> -15), about to teleport, quick
A: no armour, no weapons or thrown items, stealth, antennae 1, claws 1, fangs 3,
see invisible, blink, carnivore 3, speed 1, screaming 2, shaggy fur 2, slow
metabolism 1, sharp paws
a: Blink, Renounce Religion


You were on level 8 of the Dungeon.
You worshipped Wu Jian.
Wu Jian was aware of your devotion.
You were very full.

You visited 2 branches of the dungeon, and saw 9 of its levels.

You collected 374 gold pieces.

Inventory:

Jewellery
 y - a ring of stealth (left paw)
 z - a ring of poison resistance (right paw)
 A - an uncursed ring of fire
Wands
 i - a wand of polymorph (10/24)
 m - a wand of confusion (26/48)
 s - a wand of random effects (23/48)
 v - a wand of lightning (5/15)
 w - a wand of disintegration (11/24)
Scrolls
 c - 2 scrolls of teleportation
 n - a scroll of amnesia
 o - a scroll of enchant armour
 x - a scroll of recharging
Potions
 a - 4 potions of haste
 g - 3 potions of ambrosia
 h - 3 potions of flight {unknown}
 j - 3 potions of curing
 k - 2 potions of brilliance {unknown}
 l - a potion of berserk rage {unknown}
 p - a potion of heal wounds
 q - a potion of agility {unknown}
 r - 2 potions of magic
 t - a potion of might {unknown}
Books
 b - the Disquisition on Enhancements

   Spells                             Type                      Level
   a - Infusion                       Charms                       1
   b - Regeneration                   Charms/Necromancy            3
 u - a book of Misfortune

   Spells                             Type                      Level
   a - Confusing Touch                Hexes                        1
   b - Confuse                        Hexes                        3
   c - Gell's Gravitas                Translocation                3
   d - Petrify                        Transmutation/Earth          4
   e - Metabolic Englaciation         Hexes/Ice                    5
   f - Yara's Violent Unravelling     Hexes/Transmutation          5
Comestibles
 d - 6 meat rations
 f - 3 royal jellies


   Skills:
 + Level 5.2 Fighting
 + Level 6.9 Dodging
 + Level 7.6 Stealth
 * Level 8.6 Unarmed Combat
 + Level 5.4 Spellcasting
 + Level 6.6 Hexes
 - Level 1.1 Evocations


You had 14 spell levels left.
You knew the following spells:

 Your Spells              Type           Power        Failure   Level  Hunger
a - Confusing Touch       Hex            ###...       1%          1    None
x - Confuse               Hex            ###.....     3%          3    ###....


Dungeon Overview and Level Annotations

Branches:
Dungeon (8/15)             Temple (1/1) D:5
   Lair: D:8-11

Altars:
Ashenzari
Cheibriados
Dithmenos
Elyvilon
Fedhas
Gozag
Hepliaklqana
Kikubaaqudgha
Nemelex Xobeh
Okawaru
Qazlal
Ru
Sif Muna
Trog
Uskayaw
Vehumet
Wu Jian
Xom
Yredelemnul
Zin
The Shining One

Annotations:
D:3 Purgy


Innate Abilities, Weirdness & Mutations

You cannot wear armour.
You are incapable of wielding weapons or throwing items.
Your paws allow you to move quietly. (Stealth)
You have sharp claws.
You have razor-sharp teeth.
You have supernaturally acute eyesight. (SInv)
You are carnivorous and can eat meat at any time.
You cover ground quickly.
You are covered in thick fur. (AC +2)
You have a slow metabolism.
Your sharp claws are effective at attacking unaware monsters.
You have a pair of small antennae on your head.
You can translocate small distances at will.
You sometimes yell uncontrollably at your foes.


Message History

Okay, then.
As you read the scroll of teleportation, it crumbles to dust.
You feel strangely unstable.
You feel sick. The sky beast completely misses you.
The wight completely misses you. The wight misses you.
The howler monkey hoots and howls with incredible vigour!
You take 1 damage, and have 12/40 hp.
You catch the helpless sky beast completely off-guard!
You eviscerate the sky beast!!!
You kill the sky beast!
The Council accepts your kill.
A slime creature comes into view.
You claw the wight!
You destroy the wight!
The Council accepts your kill.
The wight hits you with a dagger of venom.
* * * LOW HITPOINT WARNING * * *
The two-headed ogre hits you with a giant spiked club!!
Ouch! That really hurt!
You die...

.. .# #.. J..
#.##.... ....
#.#..... ...J#
#.#.#.##
......
.......# ..JJ#
#......#
#zz###......#
#)@Oha.....#
#####......#
##.......# ...
#..$######
....### ##<.##
.....###..##
#.........# <
#.........#
..##>........#


You could see 4 slime creatures, a two-headed ogre, a howler monkey, a worker
ant and 2 wights.

Vanquished Creatures
  2 hippogriffs (D:7)
  Sigmund (D:3)
  Eustachio (D:6)
  Menkaure (D:4)
  Duvessa (D:4)
  An ice beast (D:5)
  4 sky beasts
  2 ogres
  2 centaurs
  Blork the orc (D:4)
  4 bullfrogs
  Dowan (D:4)
  6 killer bees (D:7)
  2 wights (D:8)
  2 howler monkeys (D:8)
  3 crimson imps
  A bullfrog skeleton (D:5)
  A centaur zombie (D:7)
  A jelly (D:5)
  2 hounds (D:7)
  6 orc wizards
  4 orc priests
  A gnoll shaman (D:7)
  Jessica (D:3)
  Ijyb (D:5)
  An iguana (D:6)
  4 worker ants
  A hound zombie (D:7)
  Robin (D:4)
  A howler monkey zombie (D:7)
  3 gnolls (D:7)
  4 adders
  2 worms
  3 dart slugs
  4 leopard geckos
  12 orcs
  9 giant cockroaches
  17 goblins
  5 hobgoblins
  4 jackals (D:3)
  3 quokkas
  6 bats
  2 frilled lizards (D:2)
  8 kobolds
  A leopard gecko zombie (D:5)
  A quokka zombie (D:7)
  5 rats
149 creatures vanquished.

Notes
Turn   | Place    | Note
-------+----------+-------------------------------------------
     0 | D:1      | namelastname112 the Felid Wanderer began the quest for the Orb.
     0 | D:1      | namelastname112 set off with: 2 potions of haste, the Disquisition on Enhancements, a scroll of teleportation, a meat ration
     0 | D:1      | Reached XP level 1. HP: 9/9 MP: 5/5
     0 | D:1      | Identified the Disquisition on Enhancements
   339 | D:1      | Reached XP level 2. HP: 12/12 MP: 7/7
   867 | D:2      | Found a radiant altar of Vehumet.
   985 | D:2      | Reached XP level 3. HP: 16/16 MP: 8/8
  1707 | D:3      | Noticed Jessica
  1709 | D:3      | Killed Jessica
  1709 | D:3      | Reached skill level 1 in Dodging
  1709 | D:3      | Reached XP level 4. HP: 19/19 MP: 9/9
  2121 | D:3      | Learned a level 1 spell: Confusing Touch
  2169 | D:3      | Noticed Sigmund
  2183 | D:3      | Noticed Purgy
  2187 | D:3      | Killed Sigmund
  2187 | D:3      | Reached skill level 5 in Unarmed Combat
  2187 | D:3      | Reached skill level 1 in Hexes
  2187 | D:3      | Reached XP level 5. HP: 8/23 MP: 6/10
  2187 | D:3      | Gained mutation: You are covered in thick fur. (AC +2) [Felid growth]
  2187 | D:3      | Reached XP level 6. HP: 10/27 MP: 6/11
  2462 | D:3      | Found a blossoming altar of Fedhas.
  3020 | D:4      | Noticed Menkaure
  3032 | D:4      | Killed from afar by Menkaure
  3033 | D:4      | Reached XP level 5. HP: 0/23 MP: 10/11
  3058 | D:4      | Killed Menkaure
  3058 | D:4      | Reached XP level 6. HP: 12/28 MP: 10/12
  3340 | D:4      | Noticed Duvessa
  3341 | D:4      | Noticed Dowan
  3726 | D:4      | Killed Duvessa
  3988 | D:4      | Noticed Blork the orc
  3998 | D:4      | Killed Blork the orc
  3998 | D:4      | Reached skill level 6 in Unarmed Combat
  4019 | D:4      | Found a shadowy altar of Dithmenos.
  4022 | D:4      | Noticed Robin
  4638 | D:4      | Killed Robin
  4794 | D:4      | Killed Dowan
  4794 | D:4      | Reached XP level 7. HP: 31/31 MP: 10/13
  4799 | D:4      | Learned a level 3 spell: Confuse
  4808 | D:5      | Entered Level 5 of the Dungeon
  4808 | D:5      | Noticed Ijyb
  4828 | D:5      | Killed Ijyb
  4850 | D:5      | Found a staircase to the Ecumenical Temple.
  4876 | D:5      | Reached skill level 5 in Stealth
  4881 | D:5      | Gained mutation: Your body sometimes deteriorates upon taking damage. [mutagenic meat]
  4887 | D:5      | Gained mutation: You occasionally shout uncontrollably at your foes. [mutagenic meat]
  4888 | D:5      | Gained mutation: You have a pair of small antennae on your head. [mutagenic meat]
  4889 | D:5      | Gained mutation: You sometimes yell uncontrollably at your foes. [mutagenic meat]
  5038 | Temple   | Entered the Ecumenical Temple
  5130 | Temple   | Became a worshipper of the Wu Jian Council
  5231 | D:5      | Found a snail-covered altar of Cheibriados.
  5811 | D:6      | Reached XP level 8. HP: 19/36 MP: 15/15
  5983 | D:6      | Slain by an orc priest
  5984 | D:6      | Reached XP level 7. HP: 0/31 MP: 14/14
  5986 | D:6      | Noticed Eustachio
  5999 | D:6      | Killed Eustachio
  5999 | D:6      | Reached skill level 5 in Dodging
  6001 | D:6      | Reached skill level 7 in Unarmed Combat
  6516 | D:6      | Found a sparkling altar of Nemelex Xobeh.
  6734 | D:6      | Reached skill level 5 in Hexes
  6734 | D:6      | Reached XP level 8. HP: 36/36 MP: 15/15
  6896 | D:6      | Gained mutation: You have a pair of antennae on your head. [mutagenic meat]
  6897 | D:6      | Lost mutation: Your body sometimes deteriorates upon taking damage. [mutagenic meat]
  6898 | D:6      | Lost mutation: You have a pair of antennae on your head. [mutagenic meat]
  6899 | D:6      | Gained mutation: You can translocate small distances at will. [mutagenic meat]
  7320 | D:7      | Found a shimmering altar of Xom.
  7320 | D:7      | Found a shimmering altar of Xom.
  7321 | D:7      | Found a shimmering altar of Xom.
  7321 | D:7      | Found a shimmering altar of Xom.
  7322 | D:7      | Found a shimmering altar of Xom.
  7322 | D:7      | Found a shimmering altar of Xom.
  7609 | D:7      | Noticed a hippogriff
  7624 | D:7      | Killed a hippogriff
  7624 | D:7      | Reached skill level 5 in Spellcasting
  7632 | D:7      | Reached * piety under Wu Jian
  7921 | D:7      | Reached skill level 8 in Unarmed Combat
  7987 | D:7      | Noticed a ghost moth
  7987 | D:7      | Noticed a komodo dragon
  7989 | D:7      | Noticed a satyr
  7989 | D:7      | a ghost moth changed into a satyr
  8084 | D:7      | Reached XP level 9. HP: 25/40 MP: 15/17
  8494 | D:7      | Reached skill level 5 in Fighting
  8617 | D:7      | Noticed a death drake
  8618 | D:7      | Noticed a frost giant
  8838 | D:8      | Noticed a two-headed ogre
  8863 | D:8      | Mangled by a two-headed ogre

Vault maps used:
D:1:      dpeg_arrival_simpleton_b
D:2:      nicolae_overflow_crystal_walls
D:3:      serial_park_tiny_1, fedhas_altar_1, uniq_purgy, uniq_jessica,
          uniq_sigmund
D:4:      nicolae_dithmenos_through_a_glass_darkly, uniq_blork_the_orc,
          uniq_menkaure, uniq_robin, uniq_duvessa
D:5:      cheibriados_altar_1, minmay_temple_entry_water_ring, first_bread,
          lemuel_old_faithful, uniq_ijyb
D:6:      nemelex_spade_bored_becter, uniq_eustachio
D:7:      xom_shifter_show
D:8:      demons_altar, serial_shops, kennysheep_mini_moat
Temple:   compressed_dpeg_circular_temple

Skill      XL: |  1  2  3  4  5  6  7  8  9 |
---------------+----------------------------+-----
Stealth        | 2 3 4 6 7 |  7.6
Fighting       | 2 3 4 5 |  5.2
Dodging        | 1 2 3 5 6 |  6.9
Unarmed Combat | 5 6 7 8 |  8.6
Hexes          | 1 3 5 6 |  6.6
Spellcasting   | 4 5 |  5.4
Evocations     | |  1.1

Action                   |  1- 3 |  4- 6 |  7- 9 || total
-------------------------+-------+-------+-------++-------
Melee: Unarmed           |    88 |   144 |   308 ||   540
       Punch             |     2 |     2 |     6 ||    10
       Bite              |     1 |    23 |    36 ||    60
 Cast: Confusing Touch   |       |    20 |    36 ||    56
       Confuse           |       |       |     5 ||     5
Evoke: Wand              |       |     3 |       ||     3
  Use: Scroll            |       |    11 |     6 ||    17
       Potion            |       |     1 |     1 ||     2
 Stab: Sleeping          |    12 |     4 |    14 ||    30
       Confused          |       |     8 |    20 ||    28
       Distracted        |       |       |     2 ||     2
  Eat: Chunk             |     8 |     4 |    27 ||    39
Armor: Skin              |     4 |    15 |     8 ||    27
Dodge: Dodged            |    47 |   102 |   278 ||   427

Table legend:
 A = Spawn XP
 B = Non-spawn XP
 C = Spawn XP percentage of total XP
 D = Spawn monster count
 E = Non-spawn monster count
 F = Spawn count percentage of total count
 G = Total turns spent on level
                    A         B        C        D         E        F      G
               +---------+---------+-------+---------+---------+-------+---------
         Total |       0 |    4723 |   0.0 |       0 |     149 |   0.0 |  8863
               +---------+---------+-------+---------+---------+-------+---------
           D:1 |       0 |      25 |   0.0 |       0 |      13 |   0.0 |   739
           D:2 |       0 |      65 |   0.0 |       0 |      22 |   0.0 |   947
           D:3 |       0 |     314 |   0.0 |       0 |      22 |   0.0 |  1659
           D:4 |       0 |     617 |   0.0 |       0 |      20 |   0.0 |  1463
           D:5 |       0 |     530 |   0.0 |       0 |       9 |   0.0 |   867
           D:6 |       0 |    1044 |   0.0 |       0 |      20 |   0.0 |  1240
           D:7 |       0 |    1735 |   0.0 |       0 |      36 |   0.0 |  1762
           D:8 |       0 |     393 |   0.0 |       0 |       7 |   0.0 |    84
               +---------+---------+-------+---------+---------+-------+---------
